 Dungeon Crawl Stone Soup version 0.27-a0-1312-g5cdb2b3542 (webtiles) character file.

Game seed: 6651103736477937693

2326 spiderkeys the Agent of Entropy (level 9, -5/63 HPs)
             Began as an Octopode Abyssal Knight on June 20, 2021.
             Was a Priest of Lugonu.
             Slain by a two-headed ogre (13 damage)
             ... on level 6 of the Dungeon.
             The game lasted 00:10:40 (5175 turns).

spiderkeys the Agent of Entropy (OpAK)              Turns: 5175, Time: 00:10:41

Health: -5/63      AC:  1    Str: 14    XL:     9   Next: 42%
Magic:  12/13      EV: 15    Int: 15    God:    Lugonu [***...]
Gold:   1173       SH:  0    Dex: 11    Spells: 8/8 levels left

rFire    . . .     SeeInvis .   s - +7 sceptre of Torment {pain, torment}
rCold    . . .     Faith    .   (no shield)
rNeg     . . .     Spirit   .   (helmet restricted)
rPois    .         Reflect  .   g - amulet of regeneration
rElec    .         Harm     .   (no ring)
rCorr    .         Rampage  .   (no ring)
Will     .....                  (no ring)
Stlth    ++........             (no ring)
HPRegen  1.20/turn              (no ring)
MPRegen  0.13/turn              (no ring)
                                (no ring)
                                (no ring)

@: no status effects
A: almost no armour, amphibious, 8 rings, camouflage 1, gelatinous body 1,
(nimble swimmer 1), tentacles
a: Renounce Religion, Depart the Abyss, Bend Space, Banish


You were on level 6 of the Dungeon.
You worshipped Lugonu.
Lugonu was most pleased with you.
You visited 1 branch of the dungeon, and saw 7 of its levels.
You visited the Abyss 1 time.

You collected 1173 gold pieces.


Innate Abilities, Weirdness & Mutations

You cannot wear most types of armour.
You are amphibious.
You can wear up to eight rings at the same time.
Your skin changes colour to match your surroundings (Stealth+).
Your rubbery body absorbs attacks. (AC +1, EV +1)
((You are camouflaged near water. (Stealth+)))
You have tentacles for arms and can constrict up to eight enemies at once.


   Skills:
 + Level 6.4 Fighting
 + Level 4.1 Maces & Flails
 - Level 4.2 Polearms
 + Level 6.2 Dodging
 - Level 1.1 Stealth
 + Level 3.8 Necromancy
 + Level 6.5 Invocations


You had 8 spell levels left.
You didn't know any spells.
Your spell library was empty.

Inventory:

Hand Weapons
 a - a +1 spear of freezing
 s - the +7 sceptre of Torment (weapon) {pain, torment}
   (You found it on level 4 of the Dungeon)

   In the hands of one skilled in necromantic magic, it inflicts extra damage on
   living creatures.
Missiles
 b - 228 stones
 e - 66 arrows
 f - 47 bolts
 m - 49 poisoned darts (quivered)
 u - 24 sling bullets
Jewellery
 g - an amulet of regeneration (around mantle)
   (You found it on level 2 of the Dungeon)
Wands
 v - a wand of mindburst (13)
   (You found it on level 5 of the Dungeon)
 z - a wand of iceblast (7)
   (You found it on level 6 of the Dungeon)
Scrolls
 n - a scroll of amnesia
 r - a scroll of enchant armour
 t - a scroll of noise {!r}
 w - a scroll of blinking {unknown}
 y - a scroll of fog {unknown}
 B - a scroll of torment {unknown}
Potions
 c - a potion of resistance {unknown}
 d - 3 potions of curing {@q1}
 h - a potion of flight {unknown}
 i - a potion of attraction {unknown}
 j - 2 potions of mutation {unknown}
 k - 2 potions of ambrosia {unknown}
 l - 3 potions of might {unknown}
 o - a potion of haste {unknown}
 p - a potion of heal wounds {unknown}
 q - 2 potions of berserk rage {unknown}
 x - a potion of lignification {unknown}
 A - a potion of brilliance {unknown}
 C - a potion of cancellation {unknown}

Dungeon Overview and Level Annotations

Branches:
Dungeon (7/15)             Temple (0/1) D:4

Altars:
Ashenzari
Cheibriados
Kikubaaqudgha
Vehumet

Annotations:
D:3 Crazy Yiuf
D:5 2 transporters, flotson's ghost, weakling DsDe

..#+++#..#.####..##
#.# #.### ..#...#..#.#
#..# #.# #.##.
..#...#..#.# #..#
#.###.##. ..#...#..#.#
##..# #.#..[##.
..#...#..#.# #...#
#.#.##### ..#...#..#.#
#..## #........
..8...8..#.# #..#
#...#####
...........###..######
#...# #
#########.......@....#
#...##### #
#####ยง.O####.#
#........ #
#ยง..####.#####.......
#
#................####
#...............##
#.######.######.#####
#.# #.# #...... #.#
#.# ####### # #.# #.#


You could see a two-headed ogre.


Message History

e - 66 arrows (gained 23)
A centaur comes into view. ๐Ÿ˜Ž HP[+6]
Your hp is fully restored (63).
A centaur is nearby!
A two-headed ogre comes into view.
It is wielding two +0 giant spiked clubs.
The centaur shouts!
The centaur wields a +0 shortbow.
The centaur shoots an arrow.
The arrow closely misses you.
The centaur shoots an arrow.
The arrow misses you.
The centaur shoots an arrow.
The arrow barely misses you.
The centaur shoots an arrow.
The arrow closely misses you.
You hear a shout!
The centaur shoots an arrow.
The arrow misses you.
The centaur shoots an arrow.
The arrow closely misses you.
The centaur shoots an arrow.
The arrow hits you! ๐Ÿ˜• HP[-11]
You take 11 damage, and now have 52/63 hp. ๐Ÿ˜• HP[+2]
You regained 2 hp, and now have 54/63 hp. ๐Ÿ˜• HP[+1]
The centaur shoots an arrow.
The arrow hits you!
You hear two shouts! ๐Ÿ˜• HP[-7]
You take 7 damage, and now have 48/63 hp.
The centaur shoots an arrow.
The arrow closely misses you. ๐Ÿ˜• HP[+1] ๐Ÿ˜• HP[+1] ๐Ÿ˜• HP[+2]
You regained 2 hp, and now have 52/63 hp. ๐Ÿ˜• HP[+1]
The centaur shoots an arrow.
The arrow closely misses you.
The centaur shoots an arrow.
The arrow hits you! ๐Ÿ˜ฎ HP[-15]
You take 15 damage, and now have 38/63 hp.
MASSIVE DAMAGE!! (PAUSE)
A centaur comes into view. ๐Ÿ˜ฎ HP[+1]
The centaur shouts!
The centaur wields a +4 shortbow.
The centaur shoots an arrow.
The arrow misses you.
The centaur shoots an arrow.
The arrow hits you!
* * * LOW HITPOINT WARNING * * *
There is a stone staircase leading up, spattered with blood here. ๐Ÿ˜จ HP[-9]
You take 9 damage, and now have 30/63 hp.
The centaur shoots an arrow.
The arrow barely misses you.
The centaur shoots an arrow.
The arrow barely misses you.
The centaur shoots an arrow.
The arrow hits you!
* * * LOW HITPOINT WARNING * * *
You climb upwards.
There is a stone staircase leading down here. ๐Ÿ˜จ HP[-6]
You take 6 damage, and now have 24/63 hp.
You start resting. ๐Ÿ˜Ž HP[+39]
Your hp is fully restored (63).
You climb downwards.
The centaur shoots an arrow.
The arrow misses you.
The centaur shoots an arrow.
The arrow closely misses you.
The centaur shoots an arrow.
The arrow hits you!
There is a stone staircase leading up, spattered with blood here. ๐Ÿ˜• HP[-13]
You take 13 damage, and now have 50/63 hp.
MASSIVE DAMAGE!! (PAUSE)
The centaur shoots an arrow.
The arrow misses you.
The centaur shoots an arrow.
The arrow hits you.
The centaur shoots an arrow.
The arrow hits you!
You climb upwards.
There is a stone staircase leading down here. ๐Ÿ˜ฎ HP[-13]
You take 13 damage, and now have 37/63 hp.
MASSIVE DAMAGE!! (PAUSE)
You start resting. ๐Ÿ˜Ž HP[+26]
Your hp is fully restored (63).
You climb downwards.
The centaur shoots an arrow.
The arrow closely misses you.
There is a stone staircase leading up, spattered with blood here.
You throw a poisoned dart.
The poisoned dart barely misses the two-headed ogre.
The two-headed ogre shouts in stereo!
The centaur shoots an arrow.
The arrow misses you.
The centaur shoots an arrow.
The arrow barely misses you.
The centaur shoots an arrow.
The arrow barely misses you.
The centaur shoots an arrow.
The arrow hits you.
The centaur shoots an arrow.
The arrow hits you! ๐Ÿ˜ฎ HP[-21]
You take 21 damage, and now have 42/63 hp.
MASSIVE DAMAGE!! (PAUSE)
The centaur shoots an arrow.
The arrow hits you!
The centaur shoots an arrow.
The arrow closely misses you.
The centaur shoots an arrow.
The arrow hits you.
* * * LOW HITPOINT WARNING * * *
You climb upwards.
There is a stone staircase leading down here. ๐Ÿ˜จ HP[-13]
You take 13 damage, and now have 29/63 hp.
MASSIVE DAMAGE!! (PAUSE) Space bends sharply around you!
The two-headed ogre blinks!
You blink.
The two-headed ogre hits you with a +0 giant spiked club!!
* * * LOW HITPOINT WARNING * * *
The two-headed ogre hits you with a +0 giant spiked club!
You die...

Skill      XL: |  1  2  3  4  5  6  7  8  9 |
---------------+----------------------------+-----
Dodging        | 3 4 5 6 |  6.2
Polearms       | 3 4 |  4.2
Invocations    | 3 4 5 6 |  6.5
Fighting       | 4 5 6 |  6.4
Maces & Flails | 2 3 4 |  4.1
Stealth        | 1 |  1.1
Necromancy     | 2 3 |  3.8

Action                   |  1- 3 |  4- 6 |  7- 9 || total
-------------------------+-------+-------+-------++-------
Melee: Spear             |   108 |   132 |    10 ||   250
       Constrict         |    23 |    18 |    16 ||    57
       Tentacles         |     9 |    18 |     9 ||    36
       Eveningstar       |       |       |    77 ||    77
Throw: Dart              |       |    13 |    23 ||    36
Invok: Depart the Abyss  |     1 |       |       ||     1
       Bend Space        |       |       |     3 ||     3
  Use: Scroll            |     3 |     1 |     3 ||     7
 Stab: Sleeping          |     6 |     4 |     3 ||    13
Armor: Skin              |     6 |     2 |     1 ||     9
Dodge: Dodged            |    42 |    60 |    58 ||   160

Levels and vault maps discovered:
D:1:      psy_arrival_heroes, layout_basic, basic_ecumenical_altar,
          serial_bayou_crossing
D:2:      cheibrodos_old_hovel, layout_rooms, hangedman_decor_points,
          hangedman_glass_teeth
D:3:      layout_loops_ring, eino_tiny_chamber
D:4:      layout_rooms, kennysheep_slug_shrine, cheibrodos_ashenzari_chains,
          nicolae_vehumet_radiance, temple_doors_e, minmay_misc_feat_doors,
          minmay_ogre_servants, uniq_blork_the_orc, uniq_eustachio,
          uniq_crazy_yiuf_cottage
D:5:      layout_loops_corners, nicolae_yredelemnul_corpse_copse,
          nemelex_diamond_rough_becter, tgw_kikubaaqudgha,
          gammafunk_ghost_stat_death, minmay_fountain_box, uniq_grinder
D:6:      layout_loops_ring, guppyfry_early_elven_hall, uniq_pikel,
          uniq_menkaure
D:7:      minmay_thick_lines, layout_basic

Notes
Turn   | Place    | Note
-------+----------+-------------------------------------------
     0 | Abyss:1  | spiderkeys the Octopode Abyssal Knight began the quest for
                  | the Orb.
     0 | Abyss:1  | Reached XP level 1. HP: 16/16 MP: 2/2
     0 | Abyss:1  | magus.rc [v1.9.10]
    57 | Abyss:1  | Noticed a small abomination
    78 | Abyss:1  | Noticed a small abomination
    78 | Abyss:1  | Noticed an ancient zyme
    83 | D:1      | You pass through the gate.
    83 | D:1      | Escaped the Abyss
   220 | D:1      | HP: 3/16 [goblin (3)]
   221 | D:1      | HP: 1/16 [goblin (2)]
   224 | D:1      | Reached XP level 2. HP: 1/21 MP: 3/3
   576 | D:1      | Reached * piety under Lugonu
   796 | D:1      | Found a faded altar of an unknown god.
   906 | D:1      | Reached XP level 3. HP: 26/26 MP: 4/4
  1446 | D:2      | Reached skill level 3 in Dodging
  1767 | D:3      | Reached ** piety under Lugonu
  1786 | D:3      | Reached XP level 4. HP: 29/31 MP: 6/6
  1908 | D:3      | Identified a scroll of acquirement
  1908 | D:3      | Acquired 855 gold pieces
  2526 | D:4      | Found a broken altar of Ashenzari.
  2570 | D:4      | Found a staircase to the Ecumenical Temple.
  2592 | D:4      | Noticed Blork the orc
  2601 | D:4      | HP: 7/31 [Blork the orc (9)]
  2603 | D:4      | Killed Blork the orc
  2604 | D:4      | Reached skill level 3 in Polearms
  2604 | D:4      | Reached skill level 3 in Invocations
  2604 | D:4      | Reached XP level 5. HP: 10/37 MP: 7/7
  2708 | D:4      | Reached skill level 4 in Fighting
  2750 | D:4      | Reached XP level 6. HP: 43/43 MP: 8/8
  2787 | D:4      | Reached skill level 4 in Dodging
  2825 | D:4      | Reached skill level 4 in Invocations
  2937 | D:4      | Found a snail-covered altar of Cheibriados.
  2967 | D:4      | Found a runed translucent door.
  2968 | D:4      | Found the +7 sceptre of Torment {pain, torment}
  2968 | D:4      | Noticed Crazy Yiuf
  3076 | D:4      | Noticed Eustachio
  3149 | D:4      | Killed Eustachio
  3150 | D:4      | Reached skill level 4 in Polearms
  3150 | D:4      | Reached XP level 7. HP: 45/49 MP: 10/10
  3198 | D:4      | Found a radiant altar of Vehumet.
  3614 | D:5      | Entered Level 5 of the Dungeon
  3652 | D:5      | Found an ancient bone altar of Kikubaaqudgha.
  3663 | D:5      | Found a transporter.
  3698 | D:5      | Reached *** piety under Lugonu
  3890 | D:5      | Reached skill level 1 in Maces & Flails
  3890 | D:5      | Reached skill level 1 in Stealth
  4022 | D:5      | Found a transporter.
  4025 | D:5      | Noticed flotson's ghost (weakling DsDe)
  4075 | D:5      | You fall into a shaft and drop 1 floor!
  4075 | D:6      | Noticed Pikel
  4089 | D:6      | Killed Pikel
  4090 | D:6      | Reached skill level 5 in Fighting
  4090 | D:6      | Reached skill level 2 in Maces & Flails
  4090 | D:6      | Reached skill level 5 in Dodging
  4090 | D:6      | Reached skill level 2 in Necromancy
  4090 | D:6      | Reached skill level 5 in Invocations
  4090 | D:6      | Reached XP level 8. HP: 35/56 MP: 11/11
  4219 | D:6      | Reached skill level 3 in Maces & Flails
  4268 | D:6      | Noticed Menkaure
  4336 | D:6      | HP: 12/57 [Menkaure (22)]
  4337 | D:6      | Killed Menkaure
  4338 | D:6      | Reached skill level 3 in Necromancy
  4408 | D:6      | Reached skill level 6 in Fighting
  4408 | D:6      | Reached XP level 9. HP: 49/62 MP: 13/13
  4415 | D:6      | Reached skill level 6 in Invocations
  5020 | D:6      | Noticed a deep elf zephyrmancer
  5024 | D:6      | Killed a deep elf zephyrmancer
  5025 | D:6      | Reached skill level 4 in Maces & Flails
  5025 | D:6      | Reached skill level 6 in Dodging
  5087 | D:7      | Noticed a two-headed ogre
  5175 | D:6      | HP: 8/63 [two-headed ogre (20)]
  5175 | D:6      | Slain by a two-headed ogre

Vanquished Creatures
  Pikel (D:6)
  A deep elf zephyrmancer (D:6)
  Eustachio (D:4)
  Menkaure (D:6)
  2 ice beasts (D:6)
  3 ogres
  2 lemures (D:6)
  Blork the orc (D:4)
  A bullfrog (D:7)
  A scorpion (D:4)
  A bullfrog zombie (D:4)
  2 jellies
  An orc priest (D:6)
  2 hounds (D:6)
  6 iguanas
  3 orc wizards
  A hound skeleton (D:4)
  2 adders
  2 worms
  An adder skeleton (D:4)
  3 dart slugs
  12 orcs
  5 bats
  8 endoplasms
  A giant cockroach (D:4)
  16 goblins
  12 hobgoblins
  7 jackals
  8 kobolds
  2 quokkas
  3 ball pythons
  4 frilled lizards
  7 rats
123 creatures vanquished.

Vanquished Creatures (others)
  A plant (D:2)
1 creature vanquished.

Grand Total: 124 creatures vanquished

Table legend:
 A = Non-vault XP
 B = Vault XP
 C = Vault XP percentage of total XP
 D = Non-vault monster count
 E = Vault monster count
 F = Vault count percentage of total count
                 A         B        C        D         E       F
            +---------+---------+-------+---------+---------+-------
      Total |    1466 |    1858 |  55.9 |     105 |      16 |  13.2
            +---------+---------+-------+---------+---------+-------
        D:1 |      38 |       0 |   0.0 |      24 |       0 |   0.0
        D:2 |      37 |       1 |   2.6 |      19 |       1 |   5.0
        D:3 |      35 |       0 |   0.0 |      10 |       0 |   0.0
        D:4 |     293 |     438 |  59.9 |      21 |      12 |  36.4
        D:5 |     137 |       0 |   0.0 |      12 |       0 |   0.0
        D:6 |     838 |    1419 |  62.9 |      18 |       3 |  14.3
        D:7 |      88 |       0 |   0.0 |       1 |       0 |   0.0
            +---------+---------+-------+---------+---------+-------

Illustrated notes

Table legend:
 A = Kills in this place as a percentage of kills in entire the game.
 B = Kills by you in this place as a percentage of kills by you in the entire game.
 C = Kills by friends in this place as a percentage of kills by friends in the entire game.
 D = Other kills in this place as a percentage of other kills in the entire game.
 E = Experience gained in this place as a percentage of experience gained in the entire game.
 F = Experience gained in this place divided by the number of levels of this place that you have seen.
                   A       B       C       D       E      F
               +-------+-------+-------+-------+-------+----------------------
         Total | 100.0 | 100.0 |   N/A |   N/A | 100.0 | 415.5
       Dungeon | 100.0 | 100.0 |   N/A |   N/A | 100.0 | 474.9
               +-------+-------+-------+-------+-------+----------------------

Table legend: (Time is in decaauts)
 A = Elapsed time spent in this place.
 B = Non-inter-level travel time spent in this place.
 C = Inter-level travel time spent in this place.
 D = Time resting spent in this place.
 E = Time spent auto-exploring this place.
 F = Levels seen in this place.
 G = Mean time per level.
                   A        B        C        D        E       F      G
               +--------+--------+--------+--------+--------+-----+--------+
         Total |   5178 |   4817 |    361 |     54 |   3770 |   8 |  647.2 |
       Dungeon |   5095 |   4734 |    361 |     54 |   3725 |   7 |  727.9 |
         Abyss |     83 |     83 |      0 |      0 |     45 |   1 |   83.0 |
               +--------+--------+--------+--------+--------+-----+--------+

Top non-repeatable levels by time:
     D:1: 1122 daAuts
     D:6: 1050 daAuts
     D:4: 942 daAuts
     D:3: 880 daAuts
     D:2: 556 daAuts
     D:5: 470 daAuts
 Abyss:1: 83 daAuts
     D:7: 71 daAuts
